 Dungeon Crawl Stone Soup version 0.27-a0-1232-gc6a4cbde82 (webtiles) character file.

Game seed: 4825902317323872166

390 ZappyNine the Skirmisher (level 6, 0/71 HPs)
             Began as an Ogre Fighter on June 8, 2021.
             Was an Initiate of Okawaru.
             Slain by a sky beast (5 damage)
             ... on level 6 of the Dungeon.
             The game lasted 00:02:25 (2952 turns).

ZappyNine the Skirmisher (Ogre Fighter)             Turns: 2952, Time: 00:02:26

Health: 0/71       AC:  3    Str: 21    XL:     6   Next: 80%
Magic:  6/6        EV:  8    Int:  9    God:    Okawaru [......]
Gold:   129        SH:  8    Dex: 10    Spells: 5/5 levels left

rFire    . . .     SeeInvis .   a - +0 flail
rCold    . . .     Faith    .   c - +0 kite shield
rNeg     . . .     Spirit   .   b - +0 robe
rPois    .         Reflect  .   (helmet restricted)
rElec    .         Harm     .   (no cloak)
rCorr    +         Rampage  .   (gloves unavailable)
Will     .....                  (boots unavailable)
Stlth    +.........             (no amulet)
HPRegen  0.21/turn              k - ring of resist corrosion
MPRegen  0.10/turn              (no ring)

@: no status effects
A: large, unfitting armour, tough skin 1
a: Renounce Religion


You were on level 6 of the Dungeon.
You worshipped Okawaru.
Okawaru was noncommittal.
You visited 2 branches of the dungeon, and saw 7 of its levels.

You collected 129 gold pieces.

Inventory:

Hand Weapons
 a - a +0 flail (weapon)
Armour
 b - a +0 robe (worn)
 c - a +0 kite shield (worn)
Jewellery
 k - a ring of resist corrosion (left hand)
Scrolls
 f - a scroll of noise {unknown}
 g - a scroll of amnesia {unknown}
 h - a scroll of identify {unknown}
 i - a scroll of summoning {unknown}
 l - 2 scrolls of teleportation {unknown}
 n - a scroll of fear {unknown}
Potions
 d - a potion of heal wounds {unknown}
 e - a potion of cancellation {unknown}
 j - a potion of brilliance {unknown}
 m - a potion of curing {unknown}


   Skills:
 + Level 7.4 Fighting
 + Level 4.6 Maces & Flails
 - Level 2.6 Dodging
 - Level 2.6 Shields


You had 5 spell levels left.
You didn't know any spells.
Your spell library was empty.

Dungeon Overview and Level Annotations

Branches:
Dungeon (6/15)             Temple (1/1) D:4

Altars:
Cheibriados
Dithmenos
Fedhas
Gozag
Nemelex Xobeh
Okawaru
Ru
Xom
Zin
Lugonu

Shops:
D:2 [


Innate Abilities, Weirdness & Mutations

You are too large for most types of armour.
You have tough skin. (AC +1)


Message History

The orc priest is almost dead.
You block the orc priest's attack.
You barely miss the orc priest.
The orc priest is almost dead.
The orc priest mumbles some strange prayers to Beogh against you.
Pain shoots through your body!
A sky beast appears from thin air!
Reactivating autopickup.
The orc priest barely misses you.
You barely miss the orc priest.
The orc priest is almost dead.
The orc priest calls down the wrath of Beogh upon you.
Pain shoots through your body!
Unknown command.
You hit the orc priest.
The orc priest is almost dead.
The orc priest looks encouraged for a moment.
The orc priest mumbles some strange prayers to Beogh against you.
Beogh smites you!
* * * LOW HITPOINT WARNING * * *
Unknown command.
You sock the orc priest!
You kill the orc priest!
Okawaru accepts your kill.
The sky beast flickers out of sight!
Deactivating autopickup; reactivate with Ctrl-A.
Something completely misses you.
Unknown command.
You miss something.
You hear the slow hiss of a very distant avalanche of sand.
Something hits you.
* * * LOW HITPOINT WARNING * * *
Something shocks you.
* * * LOW HITPOINT WARNING * * *
Unknown command.
You closely miss something.
A sky beast appears from thin air!
Reactivating autopickup.
The sky beast hits you.
* * * LOW HITPOINT WARNING * * *
The sky beast shocks you.
You die...

###### #....#
#.######## #.####...#
# #.)..#...#?.#
#.##.'._.#..#
#.####...#.?# #.#
#...# # #@# #####
#Y##### ###
###o....####..#
#.......#........###.
......................
#.#####.##.o......#
#.##.#.>....#
...#.##.....###
.###..##.......#


You could see a sky beast and an orc.

Vanquished Creatures
  A black bear (D:3)
  A centaur (D:6)
  2 orc priests
  A bullfrog skeleton (D:4)
  An iguana (D:5)
  An orc wizard (D:6)
  A hound skeleton (D:4)
  An ufetubus (D:5)
  An adder skeleton (D:4)
  2 worms
  2 dart slugs (D:4)
  An orc (D:6)
  7 bats
  7 endoplasms
  3 giant cockroaches
  A goblin (D:1)
  4 hobgoblins
  A quokka (D:2)
  6 ball pythons
  5 frilled lizards
  6 kobolds
  A rat (D:2)
56 creatures vanquished.

Notes
Turn   | Place    | Note
-------+----------+-------------------------------------------
     0 | D:1      | ZappyNine the Ogre Fighter began the quest for the Orb.
     0 | D:1      | Reached XP level 1. HP: 24/24 MP: 1/1
   161 | D:1      | Found a faded altar of an unknown god.
   474 | D:1      | Reached XP level 2. HP: 33/33 MP: 2/2
  1116 | D:2      | Reached XP level 3. HP: 39/41 MP: 3/3
  1297 | D:2      | Found Fych's Antique Armour Shop.
  1497 | D:2      | You fall into a shaft and drop 1 floor!
  1500 | D:3      | Reached skill level 5 in Fighting
  1639 | D:3      | Found a sacrificial altar of Ru.
  1860 | D:3      | Found a blossoming altar of Fedhas.
  2068 | D:3      | Noticed a black bear
  2073 | D:3      | Killed a black bear
  2074 | D:3      | Reached skill level 6 in Fighting
  2074 | D:3      | Reached XP level 4. HP: 47/52 MP: 4/4
  2074 | D:3      | Reached XP level 5. HP: 54/59 MP: 5/5
  2100 | D:3      | You fall into a shaft and drop 2 floors!
  2100 | D:5      | Entered Level 5 of the Dungeon
  2311 | D:4      | Found a staircase to the Ecumenical Temple.
  2321 | Temple   | Entered the Ecumenical Temple
  2478 | Temple   | Became a worshipper of Warmaster Okawaru
  2574 | D:4      | Reached XP level 6. HP: 51/68 MP: 6/6
  2809 | D:4      | You fall into a shaft and drop 2 floors!
  2839 | D:6      | Reached skill level 7 in Fighting
  2909 | D:6      | Found a glowing silver altar of Zin.
  2934 | D:6      | Noticed a sky beast
  2952 | D:6      | Slain by a sky beast

Illustrated notes

Levels and vault maps discovered:
D:1:      lemuel_arrival_hallway, layout_basic,
          hellmonk_ecumenical_altar_blasted
D:2:      layout_loops_corners, serial_shops, shop_statue
D:3:      layout_basic, old_standard_altar, nicolae_ru_sacrificial_ziggurat
D:4:      minmay_skewed_foursquare, layout_loops_ring,
          minmay_temple_entry_proselytizer, ebering_ghost_sewer_d, minivault_26
D:5:      layout_basic, nicolae_qazlal_style_of_elements
D:6:      layout_loops_ring, grunt_temple_overflow_holy_war, zin_scriptorium,
          enter_ossuary_2, kennysheep_nondescript, uniq_sigmund
Temple:   corrupted_temple

Skill      XL: |  1  2  3  4  5  6 |
---------------+-------------------+-----
Maces & Flails | 2 3 4 |  4.6
Fighting       | 6 7 |  7.4
Dodging        | |  2.6
Shields        | |  2.6

Action                   |  1- 3 |  4- 6 || total
-------------------------+-------+-------++-------
Melee: Flail             |   105 |    68 ||   173
  Use: Potion            |     1 |       ||     1
Armor: Robe              |    25 |     7 ||    32
Dodge: Dodged            |    32 |    24 ||    56
Block: Kite shield       |    48 |    27 ||    75

Table legend: (Time is in decaauts)
 A = Elapsed time spent in this place.
 B = Non-inter-level travel time spent in this place.
 C = Inter-level travel time spent in this place.
 D = Time resting spent in this place.
 E = Time spent auto-exploring this place.
 F = Levels seen in this place.
 G = Mean time per level.
                   A        B        C        D        E       F      G
               +--------+--------+--------+--------+--------+-----+--------+
         Total |   3030 |   2959 |     71 |    300 |   2200 |   7 |  432.9 |
       Dungeon |   2854 |   2800 |     54 |    300 |   2054 |   6 |  475.7 |
        Temple |    175 |    158 |     17 |      0 |    146 |   1 |  175.0 |
               +--------+--------+--------+--------+--------+-----+--------+

Top non-repeatable levels by time:
     D:1: 1076 daAuts
     D:3: 616 daAuts
     D:2: 457 daAuts
     D:4: 375 daAuts
     D:5: 176 daAuts
  Temple: 175 daAuts
     D:6: 151 daAuts
